 Dungeon Crawl Stone Soup version 0.25-a0-577-ga4619f409e (webtiles) character file.

Game seed: 15931351671507134580, levelgen mode: deterministic

44 Gargoyl the Skirmisher (level 3, 0/31 HPs)
             Began as a Centaur Abyssal Knight on Mar 2, 2020.
             Was a Follower of Lugonu.
             Killed by divine providence
             ... invoked by an orc priest
              (9 damage)
             ... on level 3 of the Dungeon.
             The game lasted 00:02:59 (1942 turns).

Gargoyl the Skirmisher (Centaur Abyssal Knight)     Turns: 1942, Time: 00:03:00

Health: 0/31       AC:  5    Str: 14    XL:     3   Next: 41%
Magic:  4/4        EV:  9    Int: 11    God:    Lugonu [*.....]
Gold:   133        SH:  0    Dex:  9    Spells: 2/2 levels left

rFire    . . .     SeeInvis .   a - +1 hand axe
rCold    . . .     Gourm    .   (no shield)
rNeg     . . .     Faith    .   b - +0 leather armour
rPois    .         Spirit   .   (no helmet)
rElec    .         Reflect  .   (no cloak)
rCorr    .         Harm     .   d - +0 pair of gloves
MR       .....                  (no barding)
Stlth    ..........             (no amulet)
HPRegen  0.10/turn              (no ring)
MPRegen  0.09/turn              (no ring)

@: mighty, very quick
A: large, hooves 3, deformed body, speed 2, tough skin 3
a: Depart the Abyss, Renounce Religion


You were on level 3 of the Dungeon.
You worshipped Lugonu.
Lugonu was aware of your devotion.
You were hungry.

You visited 1 branch of the dungeon, and saw 3 of its levels.
You visited the Abyss 1 time.

You collected 133 gold pieces.

Inventory:

Hand Weapons
 a - a +1 hand axe (weapon)
Missiles
 i - 8 boomerangs (quivered)
Armour
 b - a +0 leather armour (worn)
 d - a +0 pair of gloves (worn)
Wands
 l - a wand of acid (9)
Scrolls
 e - 3 scrolls of identify
 h - a scroll of enchant armour {unknown}
 k - 2 scrolls of remove curse {unknown}
 m - a scroll of enchant weapon {unknown}
 o - a scroll of magic mapping {unknown}
Potions
 f - 2 potions of stabbing {unknown}
 j - a potion of ambrosia {unknown}
 n - a potion of cancellation {unknown}
Comestibles
 c - 6 rations


   Skills:
 + Level 3.5 Fighting
 + Level 2.0 Axes
 * Level 1.6 Armour
 * Level 1.3 Dodging
 * Level 2.3 Invocations


You had 2 spell levels left.
You didn't know any spells.
Your spell library was empty.

Dungeon Overview and Level Annotations

Branches:
Dungeon (2/15)

Altars:
Ashenzari
Nemelex Xobeh


Innate Abilities, Weirdness & Mutations

You have hooves in place of feet.
Armour fits poorly on your strangely shaped body.
You cover ground very quickly.
You have extremely tough skin. (AC +3)


Message History

You hit the orc priest.
The orc priest is lightly wounded.
You barely miss the orc. The orc barely misses you.
Unknown command.
Okay, then.
You feel very mighty all of a sudden.
The orc priest calls down the wrath of Beogh upon you.
Beogh smites you! The orc closely misses you.
The orc priest closely misses you.
You hit the orc priest.
The orc priest is lightly wounded.
You closely miss the orc priest. You barely miss the orc.
The orc priest invokes the aid of Beogh against you.
Pain shoots through your body!
* * * LOW HITPOINT WARNING * * *
The orc barely misses you.
The orc priest hits you but does no damage.
The orc priest mumbles some strange prayers to Beogh against you.
Beogh smites you!
You die...

#.#.##.# #......#
#......# .. #......#
##..##########......##
..........†...........
##.###.######.....###
#.# #.....# #.#
#@o...# .##.# #oo...#
..#.# ......# #.#.#
.......# #.#)#
......### #.#.#
.$.....#
######...##.......#
...).....##.......#
######..#


You could see 2 orc priests and an orc.

Vanquished Creatures
  A worm (D:2)
  A giant cockroach (D:1)
  5 goblins
  5 hobgoblins
  8 jackals
  A quokka (D:3)
  4 bats
  A frilled lizard (D:1)
  5 kobolds
  5 rats
36 creatures vanquished.

Notes
Turn   | Place    | Note
-------+----------+-------------------------------------------
     0 | Abyss:1  | Gargoyl the Centaur Abyssal Knight began the quest for the
                  | Orb.
     0 | Abyss:1  | Reached XP level 1. HP: 19/19 MP: 2/2
   124 | Abyss:2  | Noticed a fire dragon simulacrum
   156 | Abyss:2  | Found a corrupted altar of Lugonu.
   173 | Abyss:2  | Found a corrupted altar of Lugonu.
   181 | Abyss:2  | Noticed a small abomination
   203 | D:1      | Escaped the Abyss
   570 | D:1      | Reached XP level 2. HP: 25/26 MP: 3/3
   657 | D:1      | Reached skill level 1 in Dodging
   678 | D:1      | Reached * piety under Lugonu
  1127 | D:2      | Found a shattered altar of Ashenzari.
  1187 | D:2      | Reached XP level 3. HP: 31/31 MP: 4/4
  1384 | D:2      | Found a sparkling altar of Nemelex Xobeh.
  1849 | D:2      | You fall into a shaft and drop 1 floor!
  1942 | D:3      | Killed from afar by an orc priest

Levels and vault maps discovered:
D:1:      dpeg_arrival_morbid_curiosity, layout_basic
D:2:      layout_loops_cross, nicolae_overflow_hidden_temple,
          minmay_misc_feat_ornament, nemelex_lonely_heart_becter,
          uniq_crazy_yiuf_cottage
D:3:      layout_basic, nicolae_ru_path_of_blood,
          nicolae_overflow_crystal_walls, first_ration, uniq_natasha

Skill      XL: |  1  2  3 |
---------------+----------+-----
Dodging        | 1 |  1.3
Axes           | 2 |  2.0
Fighting       | |  3.5
Armour         | |  1.6
Invocations    | |  2.3

Action                   || total
-------------------------++-------
Melee: Hand axe          ||    86
       Kick              ||    14
Throw: Boomerang         ||     3
Invok: Depart the Abyss  ||     1
  Use: Potion            ||     2
       Scroll            ||     1
  Eat: Chunk             ||     1
Armor: Leather armour    ||    57
Dodge: Dodged            ||    61

Table legend:
 A = Non-vault XP
 B = Vault XP
 C = Vault XP percentage of total XP
 D = Non-vault monster count
 E = Vault monster count
 F = Vault count percentage of total count
                 A         B        C        D         E       F
            +---------+---------+-------+---------+---------+-------
      Total |      55 |       9 |  14.1 |      31 |       5 |  13.9
            +---------+---------+-------+---------+---------+-------
        D:1 |      25 |       9 |  26.5 |      15 |       5 |  25.0
        D:2 |      21 |       0 |   0.0 |      10 |       0 |   0.0
        D:3 |       9 |       0 |   0.0 |       6 |       0 |   0.0
            +---------+---------+-------+---------+---------+-------
